 Dungeon Crawl Stone Soup version 0.14.0-7-g2801ba0 (webtiles) character file.

4689 Heini the Basher (level 10, -11/90 HPs)
             Began as a Minotaur Fighter on Apr 12, 2014.
             Was a Priest of Okawaru.
             Blown up by Joseph (16 damage)
             ... with a wand of disintegration
             ... on Level 10 of the Dungeon.
             The game lasted 00:44:59 (6741 turns).

Heini the Basher (Minotaur Fighter)                 Turns: 6741, Time: 00:44:59

HP -11/90        AC 21     Str 23      XL: 10   Next: 13%
MP   0/4         EV  8     Int  5      God: Okawaru [***...]
Gold 324         SH 20     Dex 11      Spells:  0 memorised,  9 levels left

rFire  . . .     SeeInvis .     D - +1 morningstar
rCold  . . .     Clarity  .     F - +0 plate armour
rNeg   . . .     Conserve .     c - +0 shield
rPois  +         rCorr    .     (helmet restricted)
rElec  .         rRot     .     g - +2 cloak {rPois}
SustAb . .       Spirit   +     (no gloves)
rMut   .         Warding  .     J - +2 pair of boots
Saprov . . .     Stasis   .     f - amulet of guardian spirit
MR     .....                    (no ring)
                                a - +3 ring of evasion

@: not resistant to hostile enchantments, extremely unstealthy
A: retaliatory headbutt, horns 2
a: Heroism, Renounce Religion


You were on level 10 of the Dungeon.
You worshipped Okawaru.
Okawaru was most pleased with you.
You were not hungry.

You visited 2 branches of the dungeon, and saw 10 of its levels.

You collected 324 gold pieces.

Inventory:

Hand weapons
 D - a +1,+1 morningstar (weapon)
Missiles
 l - 26 stones (quivered)
Armour
 c - a +0 shield (worn)
 g - a +2 cloak of poison resistance (worn)
 F - a +0 plate armour (worn)
 J - a +2 pair of boots (worn)
Magical devices
 j - a wand of magic darts (21) {unknown}
 r - a wand of enslavement (13) {unknown}
 H - a wand of frost (11) {unknown}
Comestibles
 d - 3 bread rations
 i - 3 meat rations
 B - 8 grapes
 M - a rambutan
 P - a rotting chunk of bat flesh
Scrolls
 b - 2 scrolls of enchant weapon II
 h - a scroll of magic mapping
 n - 5 scrolls of identify
 q - a scroll of fog {unknown}
 t - a scroll of blinking
 u - a scroll of enchant weapon I
 x - 6 scrolls of teleportation {unknown}
 y - 4 scrolls of remove curse
 z - a scroll of random uselessness {unknown}
 I - a scroll of noise {unknown}
Jewellery
 a - a +3 ring of evasion (left hand)
 f - an amulet of guardian spirit (around neck)
 K - a cursed ring of wizardry {unknown}
Potions
 e - 2 potions of might
 k - a potion of flight {unknown}
 m - a potion of resistance {unknown}
 p - a potion of heal wounds
 s - 2 potions of magic {unknown}
 v - a potion of brilliance {unknown}
 A - 6 potions of curing
 C - 3 potions of restore abilities {unknown}
 E - a potion of degeneration {unknown}
 G - a potion of agility {unknown}
 O - a potion of poison {unknown}
Books
 w - a book of Callings

   Spells                             Type                      Level
   Summon Small Mammal                Summoning                    1
   Call Imp                           Summoning                    2
   Call Canine Familiar               Summoning                    3
   Summon Guardian Golem              Hexes/Summoning              4
   Summon Lightning Spire             Summoning/Air                4
   Summon Ice Beast                   Ice/Summoning                4


   Skills:
 * Level 8.8 Fighting
 * Level 11.1 Maces & Flails
 * Level 10.6 Armour
 - Level 2.6 Dodging
 - Level 5.2 Shields


You had 9 spell levels left.
You didn't know any spells.

Dungeon Overview and Level Annotations

Branches:
Dungeon (10/15)            Temple (1/1) D:5            Lair (0/8) D:10
    Orc: D:9-12

Altars:
Cheibriados
Dithmenos
Elyvilon
Fedhas
Kikubaaqudgha
Makhleb
Nemelex Xobeh
Okawaru
Sif Muna
Trog
Vehumet
Xom
Yredelemnul
Zin
The Shining One

Annotations:
D:10 Gastronok, Joseph, Psyche


Innate Abilities, Weirdness & Mutations

You reflexively headbutt those who attack you in melee.
You have a pair of horns on your head.


Message History

Joseph is moderately wounded.
The troll bites you. The troll barely misses you.
The troll claws you but does no damage.
Joseph zaps a wand.
You are blasted!
* * * LOW HITPOINT WARNING * * *
You puncture Joseph!
Joseph is heavily wounded.
The troll bites you but does no damage. The troll claws you but does no damage.
You block the troll's attack.
Joseph zaps a wand.
You are blasted!
* * * LOW HITPOINT WARNING * * *
You barely miss Joseph.
Joseph is heavily wounded.
The troll bites you but does no damage. You block the troll's attack.
You block the troll's attack.
Joseph zaps a wand.
You struggle to resist.
Gastronok mumbles some strange words.
Gastronok seems to move somewhat quicker.
You barely miss Joseph.
Joseph is heavily wounded.
You block the troll's attack. x2
The troll claws you but does no damage.
Joseph zaps a wand.
You are blasted!
You die...

......PP.,,,,,,P$.,,,,,,,,,,, ,,,
###..Pff.,,,f.P...#*****,**,*****
*,.PffP,,,PffPP..# *,**,*
#..Pff..,P.fP....# *,**,*
##f.P..PP.PfP..P.P# *,**,*
......fPP>fP.PfP..# *,**,*
.#.f...Pf.PffPP.[P# *,**,*****
(#.f.Pf.ff..P.fP@.# *,, ,,,,,*
.#..f.Pf.fff.PPf@.# * ,,,,,,,*
(##....PP...fPP..T######,,,,,,,<*
(..f..f.PP.Pff.j.........,,,,,,,*
.......P..PPfP....######, ,,,,,,*
####.P..ff.f..P...# *,, ,,,,,,**
##.P........####***,,,, ,,,,*
#...f............,,,,,,,,,,**
###......#.#####*****,*,,, ,,
#####....# *,* ,,,,,


You could see Gastronok, Joseph and a troll.

Vanquished Creatures
  The ghost of TehDruid the Cruncher, an experienced MiGl (D:6)
  3 hill giants (D:10)
  A deep elf mage (D:10)
  A hungry ghost (D:7)
  A water moccasin (D:7)
  3 ogres
  A tengu skeleton (D:10)
  2 phantoms
  A sky beast (D:7)
  An ice beast (D:5)
  4 centaurs
  2 giant frogs
  Blork the orc (D:5)
  A scorpion (D:6)
  A hound (D:4)
  An iguana (D:4)
  6 orc priests
  A centaur skeleton (D:4)
  A quasit (D:6)
  2 orc wizards
  5 worker ants
  A big kobold skeleton (D:10)
  A mummy (D:10)
  7 gnolls
  5 adders
  An inept feature mimic (D:4)
  3 shadow imps
  9 worms
  An adder zombie (D:6)
  12 orcs
  3 ball pythons
  A bat skeleton (D:5)
  12 goblins
  10 hobgoblins
  14 jackals
  4 quokkas
  12 bats
  10 giant cockroaches
  4 giant geckos
  9 giant newts
  A giant newt zombie (D:5)
  18 kobolds
  A kobold skeleton (D:5)
  17 rats
  A rat skeleton (D:4)
197 creatures vanquished.

Vanquished Creatures (others)
  5 fungi (D:10)
  A plant (D:10)
6 creatures vanquished.

Grand Total: 203 creatures vanquished

Notes
Turn   | Place    | Note
--------------------------------------------------------------
     0 | D:1      | Heini, the Minotaur Fighter, began the quest for the Orb.
     0 | D:1      | Reached XP level 1. HP: 19/19 MP: 1/1
   115 | D:1      | Reached XP level 2. HP: 16/27 MP: 1/1
   286 | D:1      | Reached skill level 4 in Fighting
   575 | D:1      | Reached XP level 3. HP: 11/33 MP: 2/2
   931 | D:2      | Found a glowing golden altar of the Shining One.
   931 | D:2      | Found a sparkling altar of Nemelex Xobeh.
  1002 | D:2      | Reached XP level 4. HP: 40/40 MP: 2/2
  1012 | D:2      | Reached skill level 1 in Dodging
  1031 | D:2      | Found a deep blue altar of Sif Muna.
  1947 | D:3      | Reached XP level 5. HP: 30/47 MP: 1/2
  1965 | D:3      | Reached skill level 5 in Armour
  2448 | D:4      | Noticed a phantom
  2509 | D:4      | Killed a phantom
  2509 | D:4      | Reached XP level 6. HP: 32/55 MP: 1/3
  2727 | D:4      | Reached skill level 5 in Fighting
  3096 | D:4      | Reached skill level 6 in Armour
  3164 | D:4      | Reached XP level 7. HP: 54/61 MP: 3/3
  3438 | D:4      | Found a staircase to the Ecumenical Temple.
  3458 | D:4      | the staircase to the Ecumenical Temple was a mimic.
  3524 | D:5      | Entered Level 5 of the Dungeon
  3631 | D:5      | Reached skill level 5 in Maces & Flails
  3672 | D:5      | Noticed Blork the orc
  3683 | D:5      | Killed Blork the orc
  3683 | D:5      | Reached skill level 5 in Shields
  3909 | D:5      | Found a staircase to the Ecumenical Temple.
  4050 | D:5      | Reached skill level 7 in Armour
  4263 | Temple   | Entered the Ecumenical Temple
  4283 | Temple   | Became a worshipper of Warmaster Okawaru
  4494 | D:6      | Reached XP level 8. HP: 55/70 MP: 2/3
  4769 | D:6      | Noticed TehDruid's ghost (experienced MiGl)
  4811 | D:6      | Found a burning altar of Makhleb.
  5133 | D:6      | HP: 1/71 [TehDruid's ghost (20)]
  5479 | D:6      | Killed TehDruid's ghost
  5479 | D:6      | Reached skill level 8 in Maces & Flails
  5565 | D:6      | Acquired Okawaru's first power
  5569 | D:6      | Reached XP level 9. HP: 74/79 MP: 4/4
  5820 | D:7      | Reached skill level 9 in Armour
  6352 | D:8      | You fall through a shaft for 2 floors!
  6352 | D:10     | Entered Level 10 of the Dungeon
  6386 | D:10     | Noticed Gastronok
  6438 | D:10     | Noticed a hill giant
  6448 | D:10     | HP: 1/81 [orc wizard/puff of flame (5)]
  6468 | D:10     | Killed a hill giant
  6468 | D:10     | Reached skill level 10 in Maces & Flails
  6468 | D:10     | Reached skill level 10 in Armour
  6645 | D:10     | Noticed a hill giant
  6649 | D:10     | Noticed a hill giant
  6652 | D:10     | Noticed Psyche
  6660 | D:10     | Killed a hill giant
  6666 | D:10     | Killed a hill giant
  6666 | D:10     | Reached skill level 11 in Maces & Flails
  6666 | D:10     | Reached XP level 10. HP: 18/90 MP: 1/4
  6678 | D:10     | Found a staircase to the Lair.
  6732 | D:10     | Noticed Joseph
  6741 | D:10     | Blown up by Joseph

Action                   |  1- 3 |  4- 6 |  7- 9 | 10-12 || total
-------------------------+-------+-------+-------+-------++-------
Melee: Flail             |   115 |   182 |       |       ||   297
       Morningstar       |       |    24 |   299 |    21 ||   344
  Use: Scroll            |       |     2 |     7 |       ||     9
       Potion            |       |     1 |     3 |     2 ||     6
